Map: Port Aleksander LE

Players

MeRciLeSs

  • Race: Terran Terran
  • League: Diamond
  • Spawn Location: 11:00

LigerMaNN - Winner!

  • Race: Zerg Zerg
  • League: Diamond
  • Spawn Location: 5:00

VOD

Have the link to the VOD?

Description

Time

  • Played on: Feb. 18, 2019, 12:16 a.m.
  • Length: 26:49
Show
View Real Time Build Order
Export as new Build Order

MeRciLeSs Terran 

Build Orders: Gas First Reaper Expand, Hellion Banshee 

Get SALT Encoding   

  12  0:01  SCV  
  13  0:13  SCV  
  14  0:19  Supply Depot  
  14  0:25  SCV  
  15  0:30  Refinery  
  15  0:40  SCV  
  16  0:47  Barracks  
  16  0:53  SCV  
  17  1:05  SCV  
  18  1:17  SCV  
  19  1:34  Orbital Command  
  19  1:35  Reaper  
  20  1:50  Command Center  
  20  2:06  Factory, SCV  
  21  2:10  Barracks Reactor  
  21  2:17  Supply Depot  
  21  2:20  SCV  
  22  2:25  Refinery  
  22  2:47  SCV  
  23  2:59  Starport  
  23  3:01  SCV, Hellion x2  
  23  3:03  Orbital Command  
  28  3:11  Marine  
  29  3:13  SCV  
  30  3:22  Hellion x2  
  34  3:30  Orbital Command  
  34  3:34  Supply Depot, Barracks Tech Lab  
  34  3:46  Hellion x2  
  34  3:48  SCV  
  40  4:02  SCV  
  40  4:03  SCV  
  40  4:06  Hyperflight Rotors  
  41  4:11  Banshee  
  41  4:15  Supply Depot, SCV x2  
  46  4:27  SCV  
  46  4:28  SCV  
  46  4:31  Hellion  
  50  4:33  Hellion  
  52  4:39  SCV  
  52  4:40  SCV  
  54  4:51  SCV  
  54  4:52  SCV  
  56  4:53  Hellion  
  56  4:54  Hellion  
  60  5:00  Banshee  
  62  5:09  Supply Depot  
  62  5:13  Supply Depot  
  62  5:30  Marine  
  61  5:42  Hellion x2  
  65  5:43  Banshee  
  65  5:48  Marine  
  64  5:53  SCV x2  
  65  6:05  SCV x2  
  65  6:06  Hellion  
  69  6:12  Armory  
  69  6:14  Command Center  
  69  6:17  SCV  
  69  6:18  Refinery x2  
  70  6:21  Supply Depot  
  70  6:27  Marine, Hellion  
  70  6:28  Factory x2, Hellion  
  72  6:49  Hellion  
  72  6:52  SCV x2, Hellion  
  78  7:02  Banshee  
  78  7:04  SCV x2  
  78  7:05  Armory x2  
  83  7:10  Supply Depot  
  83  7:18  Factory Tech Lab x2  
  83  7:23  Factory, Terran Vehicle Weapons Level 1  
  83  7:24  Engineering Bay  
  83  7:26  Factory  
  83  7:34  Hellion x5, SCV x2  
  85  7:39  Supply Depot, Orbital Command  
  85  7:46  SCV x2  
  75  7:59  Refinery  
  75  8:01  Refinery  
  65  8:08  Thor x2  
  65  8:09  Hellion x2  
  81  8:14  Factory Reactor  
  81  8:15  Factory Tech Lab  
  81  8:22  Orbital Command  
  81  8:29  Viking  
  83  8:42  Terran Vehicle And Ship Armor Level 1  
  83  8:46  Supply Depot, Hellion x2  
  83  8:48  Infernal Pre-Igniter  
  87  8:53  SCV x3  
  90  9:05  SCV x3  
  90  9:06  Missile Turret  
  93  9:14  Siege Tank  
  96  9:22  SCV x2  
  98  9:30  Hellion x2  
  102  9:34  Missile Turret, SCV x2  
  104  9:42  Supply Depot  
  104  9:49  SCV x3  
  107  9:54  Hellion x3  
  107  9:55  Siege Tank x2  
  119  10:01  Terran Vehicle Weapons Level 2, SCV x3  
  119  10:02  Supply Depot  
  119  10:05  Hellion  
  124  10:09  Starport Reactor  
  124  10:12  Hellion x11  
  124  10:13  Missile Turret, SCV x3  
  127  10:31  Hellion x3  
  127  10:32  Hellion  
  135  10:38  Siege Tank x3  
  144  10:45  Terran Vehicle And Ship Armor Level 2  
  144  10:57  Command Center  
  130  11:05  Hellbat x4  
  130  11:08  Refinery  
  130  11:09  Refinery  
  130  11:13  SCV x2  
  130  11:22  Siege Tank  
  130  11:23  Siege Tank x2  
  138  11:32  Hellbat x4  
  146  11:34  Viking  
  146  11:37  Starport  
  146  11:38  Hellion x5  
  148  11:41  Viking  
  148  11:42  Supply Depot  
  148  11:43  Supply Depot, Refinery  
  150  11:47  Refinery  
  150  11:54  Supply Depot  
  150  11:57  Hellbat  
  150  11:58  Hellbat x2  
  156  12:04  Hellbat  
  158  12:09  Siege Tank x3  
  167  12:21  Command Center  
  167  12:32  Starport Reactor  
  167  12:34  Terran Vehicle Weapons Level 3  
  167  12:36  Starport  
  167  12:41  Thor  
  167  13:04  Siege Tank x2, Hellbat x3  
  179  13:06  Terran Vehicle And Ship Armor Level 3  
  179  13:16  Hellion  
  181  13:28  SCV x2  
  181  13:31  SCV  
  178  13:40  Hellbat, SCV  
  178  13:41  Hellbat x2  
  177  13:43  Sensor Tower  
  177  13:45  Viking x2  
  177  13:47  Viking  
  183  13:53  Orbital Command  
  183  14:02  Supply Depot  
  183  14:16  Command Center  
  182  14:33  Hellbat x4  
  182  14:34  Hellbat  
  192  15:11  Terran Ship Weapons Level 1  
  186  15:24  Siege Tank x3  
  166  15:56  Siege Tank  
  169  15:57  Command Center  
  169  16:02  Siege Tank x2  
  169  16:03  Hellion  
  160  16:04  Command Center  
  136  16:15  Hellbat x3  
  140  16:30  Viking x4  
  140  16:31  Viking  
  150  16:37  Thor x2  
  150  16:38  Thor  
  162  16:45  Missile Turret  
  130  17:16  Viking x2  
  130  17:20  Thor  
  107  17:49  Hellbat x3  
  97  18:28  Orbital Command  
  97  18:52  Hellbat x3  
  99  19:25  Hellbat x4  
  99  19:29  Viking  
  109  19:35  Refinery  
  109  19:38  Refinery  
  100  19:50  Orbital Command  
  100  19:53  Siege Tank  
  103  20:00  Orbital Command  
  103  20:19  SCV x2  
  105  20:25  Viking  
  105  20:26  Viking  
  109  20:32  Hellion  
  111  20:40  Viking  
  109  20:52  Hellion x9  
  90  21:02  Hellbat x3  
  78  21:20  Hellion x2  
  82  21:28  SCV  
  82  21:29  SCV x2  
  86  21:40  Hellbat x2  
  86  21:46  Viking x2  
  88  21:59  SCV  
  88  22:00  SCV x2  
  91  22:18  Siege Tank x3  
  100  22:34  Hellion  
  100  22:35  SCV x3, Hellion x2  
  99  22:47  SCV  
  99  22:48  Hellbat  
  77  22:55  Siege Tank  
  77  22:56  Siege Tank  
  65  23:02  Siege Tank, Hellbat  
  61  23:08  SCV x2  
  61  23:11  Orbital Command  
  63  23:25  Hellion x4  
  71  23:28  Viking, Siege Tank  
  71  23:30  SCV  
  77  23:36  Orbital Command  
  77  23:42  SCV  
  78  23:50  Thor  
  78  23:51  Viking  
  86  24:02  SCV x3  
  88  24:14  SCV  
  89  24:21  Hellbat  
  89  24:22  Viking x3, Hellbat  
  99  24:26  SCV x2  
  101  24:35  Viking  
  101  24:36  Starport Reactor  
  103  24:40  Siege Tank x2  
  109  24:48  Refinery  
  102  25:11  Hellbat x2  
  102  25:12  Hellbat x2  
  110  25:19  Siege Tank, Hellbat x2  
  110  25:42  Hellbat x2  
  90  25:43  Siege Tank x2, Hellbat x2  
  72  26:07  Hellbat x5  
  82  26:14  SCV x2  
  82  26:15  Siege Tank x2  
  86  26:26  SCV x2  
Show
View Real Time Build Order
Export as new Build Order

LigerMaNN Zerg - Winner!

Build Orders: Pool First, Swarm Host 

Get SALT Encoding   

  12  0:01  Drone  
  13  0:13  Overlord  
  13  0:18  Drone  
  14  0:31  Drone x2  
  16  0:45  Spawning Pool  
  16  0:46  Drone  
  16  0:50  Drone  
  17  1:16  Hatchery  
  17  1:18  Drone  
  17  1:20  Extractor  
  16  1:32  Zergling x6  
  19  1:55  Drone x2  
  21  2:05  Queen, Overlord, Extractor  
  23  2:25  Drone  
  25  2:30  Drone, Metabolic Boost  
  24  2:44  Drone x2  
  24  2:46  Queen  
  28  2:52  Drone  
  29  3:09  Hatchery  
  28  3:16  Drone x7  
  35  3:20  Overlord  
  35  3:34  Roach Warren  
  34  3:42  Overlord  
  34  3:52  Zergling x14  
  41  4:05  Overlord  
  41  4:22  Roach x8  
  57  4:29  Queen  
  57  4:31  Overlord  
  59  4:53  Zergling x14  
  59  4:55  Zergling x6  
  69  5:11  Drone x4  
  69  5:13  Lair  
  73  5:17  Evolution Chamber x2  
  71  5:25  Ravager  
  49  5:47  Drone x2  
  49  5:48  Drone x7  
  55  5:51  Queen x2  
  49  6:08  Spore Crawler  
  49  6:10  Spore Crawler, Drone  
  49  6:11  Spore Crawler  
  47  6:13  Roach  
  47  6:14  Roach x5  
  57  6:45  Queen x2  
  57  6:46  Queen  
  63  6:51  Drone  
  63  6:52  Drone x5  
  63  6:53  Drone x5  
  74  7:12  Extractor  
  74  7:13  Extractor, Zerg Missile Weapons Level 1  
  72  7:19  Drone x2  
  72  7:20  Overlord x4  
  72  7:21  Overlord x2  
  74  7:23  Zerg Ground Armor Level 1  
  72  7:44  Roach x2  
  72  7:46  Zergling x16  
  73  8:09  Queen x3  
  73  8:11  Drone  
  73  8:12  Drone x6  
  86  8:21  Drone  
  86  8:22  Drone x2  
  86  8:23  Overlord x4  
  86  8:25  Glial Reconstitution  
  89  8:33  Drone x2  
  89  8:34  Drone x2  
  93  8:45  Extractor  
  93  8:46  Extractor  
  91  8:49  Hydralisk Den  
  91  8:50  Drone x3  
  91  8:51  Drone  
  94  8:58  Drone  
  94  8:59  Drone  
  96  9:15  Hatchery  
  95  9:19  Zerg Missile Weapons Level 2, Zerg Ground Armor Level 2  
  95  9:21  Extractor  
  94  9:27  Drone x15  
  94  9:30  Overlord  
  109  9:55  Muscular Augments  
  109  9:56  Hydralisk x7  
  109  9:59  Overseer  
  123  10:00  Overseer  
  123  10:08  Overlord x3  
  123  10:09  Overlord  
  122  10:24  Hydralisk x8  
  122  10:25  Hydralisk  
  136  10:38  Roach x6  
  148  10:47  Extractor  
  148  10:48  Extractor  
  146  10:52  Infestation Pit  
  145  10:57  Hatchery  
  131  11:20  Drone x3  
  131  11:21  Drone x6  
  133  11:43  Spore Crawler  
  133  11:44  Spine Crawler  
  133  11:46  Spine Crawler  
  130  11:50  Spine Crawler x2  
  130  11:52  Hive  
  128  12:04  Hydralisk x4  
  128  12:05  Hydralisk x8  
  152  12:09  Queen  
  152  12:10  Drone x2  
  156  12:18  Pneumatized Carapace  
  144  12:47  Swarm Host x13  
  144  12:48  Swarm Host x2  
  177  13:00  Drone x6  
  177  13:02  Drone x4  
  177  13:05  Drone  
  188  13:09  Drone x2  
  190  13:23  Nydus Network  
  187  13:28  Drone x6  
  187  13:29  Drone  
  187  13:30  Drone  
  190  13:39  Overlord x3  
  190  14:14  Spire, Pathogen Glands  
  190  14:15  Burrow  
  189  14:40  Hatchery  
  186  15:10  Neural Parasite  
  163  15:31  Mutalisk x12  
  163  15:32  Mutalisk x5  
  193  15:42  Overlord  
  193  15:43  Overlord x3  
  193  15:51  Queen, Overlord x3  
  118  16:20  Roach x12  
  142  16:41  Roach  
  142  16:42  Roach x4  
  142  16:43  Hatchery  
  153  17:01  Roach x7  
  163  17:20  Roach x6  
  81  18:03  Viper  
  84  18:06  Hydralisk x10  
  84  18:07  Hydralisk  
  106  18:16  Drone  
  106  18:18  Drone  
  100  18:36  Drone x8  
  100  18:38  Hydralisk x5  
  116  18:47  Drone x3  
  119  18:56  Viper x2  
  125  19:03  Zergling x14  
  120  19:18  Roach  
  120  19:19  Roach x5  
  130  19:44  Zerg Ground Armor Level 3, Zerg Missile Weapons Level 3  
  127  19:53  Zergling x24  
  139  20:00  Extractor x2  
  137  20:11  Hatchery  
  136  20:16  Zergling x16  
  79  21:08  Roach  
  79  21:09  Roach x14  
  100  21:14  Drone  
  100  21:15  Drone x2  
  93  21:39  Drone  
  98  21:40  Drone x7  
  98  21:41  Drone x4  
  105  21:54  Hydralisk  
  105  21:55  Hydralisk x5  
  117  22:13  Hydralisk x8  
  127  22:30  Ravager x10  
  137  22:40  Overseer  
  82  23:04  Hydralisk x6  
  88  23:08  Roach  
  88  23:09  Overlord x3  
  88  23:10  Overlord  
  90  23:23  Roach x5  
  100  23:29  Extractor  
  97  23:53  Roach x3  
  97  23:54  Roach x8  
  119  24:07  Drone x3  
  119  24:10  Zergling x8  
  123  24:24  Roach  
  123  24:25  Roach x4  
  133  24:58  Roach x16  
  165  25:14  Extractor x2  
  163  25:24  Hydralisk x3  
  163  25:25  Hydralisk x3  
  163  25:26  Zergling x6  
  163  25:27  Zergling x8  
  124  25:50  Roach x9  
  138  26:13  Hatchery  
  136  26:31  Hatchery  
  106  26:44  Hatchery  
  101  26:48  Hatchery  
Tags
 
Add a new tag
Caveats
  • Supply blocks, unpowered buildings, or Contaminate may cause inaccurate times.
  • Supply counts are checked every 10 seconds.